 Dungeon Crawl Stone Soup version 0.22.0-18-ge075c0d (webtiles) character file.

4 Amnesiac the Gusty (level 1, -1/13 HPs)
             Began as a Mummy Air Elementalist on Aug 18, 2018.
             Killed from afar by a dart slug (7 damage)
             ... with a slug dart
             ... on level 1 of the Dungeon.
             The game lasted 00:00:32 (219 turns).

Amnesiac the Gusty (Mummy Air Elementalist)          Turns: 219, Time: 00:00:32

Health: -1/13      AC:  2    Str: 11    XL:     1   Next: 58%
Magic:  1/4        EV: 12    Int: 14    God:
Gold:   0          SH:  0    Dex: 12    Spells: 4/5 levels left

rFire    x . .     SeeInvis .   b - +0 mace
rCold    + . .     Gourm    .   (no shield)
rNeg     + + +     Faith    .   a - +0 robe
rPois    ∞         Spirit   .   (no helmet)
rElec    .         Reflect  .   (no cloak)
rCorr    .         Harm     .   (no gloves)
MR       .....                  (no boots)
Stlth    ++........             (no amulet)
HPRegen  0.04/turn              (no ring)
MPRegen  0.09/turn              (no ring)

@: very slightly contaminated
A: no food or potions, fire vulnerability, cold resistance 1, negative energy
resistance 3, torment resistance, unbreathing
a: no special abilities


You were on level 1 of the Dungeon.
You were not hungry.

You visited 1 branch of the dungeon, and saw 1 of its levels.

Inventory:

Hand Weapons
 b - a +0 mace (weapon)
Missiles
 c - 17 stones (quivered)
 d - 7 sling bullets
Armour
 a - a +0 robe (worn)


   Skills:
 - Level 1.5 Dodging
 - Level 1.5 Stealth
 + Level 2.6 Spellcasting
 - Level 0.7 Conjurations
 * Level 2.7 Air Magic


You had 4 spell levels left.
You knew the following spells:

 Your Spells              Type           Power        Failure   Level  Hunger
a - Shock                 Conj/Air       #...         11%         1    N/A

Your spell library contained the following spells:

 Spells                   Type           Power        Failure   Level  Hunger
 Swiftness                Chrm/Air       #.......     19%         2    N/A
 Static Discharge         Conj/Air       #.......     32%         3    N/A
 Airstrike                Air            #.........   56%         4    N/A
 Lightning Bolt           Conj/Air       #.........   97%         5    N/A

Dungeon Overview and Level Annotations

Branches:
Dungeon (1/15)

Altars:


Innate Abilities, Weirdness & Mutations

You do not eat or drink.
Your flesh is vulnerable to fire.
You are immune to poison.
Your flesh is cold resistant. (rC+)
You are immune to negative energy. (rN+++)
You are immune to unholy pain and torment.
You can survive without breathing.


Message History

c - 15 stones (gained 1)
c - 16 stones (gained 1)
c - 17 stones (gained 1) Magic restored.
Found a short sword.
A hobgoblin comes into view.
Found 10 gold pieces.
A hobgoblin is nearby!
A hobgoblin is nearby!
The hobgoblin shouts!
You closely miss the hobgoblin. The hobgoblin hits you.
The hobgoblin closely misses you.
You completely miss the hobgoblin. The hobgoblin barely misses you.
A dart slug comes into view.
You hit the hobgoblin.
The hobgoblin is moderately wounded.
The hobgoblin closely misses you. The hobgoblin misses you.
You closely miss the hobgoblin.
The hobgoblin is moderately wounded.
The hobgoblin hits you.
* * * LOW HITPOINT WARNING * * *
Casting: Shock (safe; 11% risk of failure)
Confirm with . or Enter, or press ? or * to list all spells.
Aiming: Shock (safe; 11% risk of failure)
Press: ? - help, Shift-Dir - straight line, f - hobgoblin
Aim: a hobgoblin (moderately wounded)
The zap hits the hobgoblin.
The hobgoblin is severely wounded.
The zap hits the hobgoblin.
You kill the hobgoblin!
Training target 2.7 for Air Magic reached!
You need to enable at least one skill for training.
You start resting.
The dart slug is too close now for your liking.
Casting: Shock (safe; 11% risk of failure)
Confirm with . or Enter, or press ? or * to list all spells.
Aiming: Shock (safe; 11% risk of failure)
Press: ? - help, Shift-Dir - straight line, f - dart slug
Aim: a dart slug (clinging, hasn't noticed you)
You miscast Shock.
You are very lightly contaminated with residual magic.
Sparks fly from your hands!
Casting: Shock (safe; 11% risk of failure)
Confirm with . or Enter, or press ? or * to list all spells.
Aiming: Shock (safe; 11% risk of failure)
Press: ? - help, Shift-Dir - straight line, f/p - dart slug
Aim: a dart slug (clinging)
The zap hits the dart slug.
The dart slug is lightly wounded.
The dart slug launches a dart at you. The slug dart misses you.
Casting: Shock (safe; 11% risk of failure)
Confirm with . or Enter, or press ? or * to list all spells.
Aiming: Shock (safe; 11% risk of failure)
Press: ? - help, Shift-Dir - straight line, f/p - dart slug
Aim: a dart slug (lightly wounded, clinging)
The zap hits the dart slug.
The dart slug is moderately wounded.
The zap hits the dart slug.
The dart slug is moderately wounded.
The dart slug launches a dart at you. The slug dart hits you!
Ouch! That really hurt!
You die...

##.###### #.......#
#######
#.!.....####.....####
#.......#....###.....
#.......#.######.....
#.......#.###....####
####.##†.)....####
#.##w#..####
###@...#.## ####
#...####.# ##..##
#.#.# #.######.##.#
#.#.# #.#.!..#.#.##
#.#.# #...##.#.##..
#.#.# #...##..####.
w.#)# #.#.##.##..##
#..#.# #.#....#.##..
#..#.# #.###########


You could see a dart slug.

Vanquished Creatures
  A leopard gecko (D:1)
  A hobgoblin (D:1)
  A kobold (D:1)
  A rat (D:1)
4 creatures vanquished.

Notes
Turn   | Place    | Note
-------+----------+-------------------------------------------
     0 | D:1      | Amnesiac the Mummy Air Elementalist began the quest for the Orb.
     0 | D:1      | Reached XP level 1. HP: 13/13 MP: 4/4
   219 | D:1      | Killed from afar by a dart slug

Action                   || total
-------------------------++-------
Melee: Mace              ||     5
 Cast: Shock             ||     6
 Stab: Sleeping          ||     1
Dodge: Dodged            ||    10
